 Dungeon Crawl Stone Soup version 0.28.0-53-g5a82cb258f (webtiles) character file.

Game seed: 8492394801491066270

940 Sin92 the Chopper (level 7, -4/63 HPs)
             Began as a Minotaur Fighter on June 16, 2022.
             Engulfed by a cloud of flame (25 damage)
             ... on level 5 of the Dungeon.
             The game lasted 00:04:29 (5042 turns).

Sin92 the Chopper (Minotaur Fighter)                Turns: 5042, Time: 00:04:29

Health: -4/63      AC:  7    Str: 20    XL:     7   Next: 88%
Magic:  6/6        EV:  9    Int:  5    God:
Gold:   190        SH:  5    Dex: 12    Spells: 6/6 levels left

rFire   . . .      SeeInvis .   a - +0 war axe
rCold   . . .      Faith    .   c - +0 buckler
rNeg    . . .      Spirit   .   b - +0 scale mail
rPois   .          Reflect  .   (helmet restricted)
rElec   .          Harm     .   (no cloak)
rCorr   +          Rampage  .   (no gloves)
Will    .....                   (no boots)
Stlth   ..........              (no amulet)
HPRegen 0.20/turn               e - ring of resist corrosion
MPRegen 0.10/turn               (no ring)

@: brilliant
A: horns 2, retaliatory headbutt
a: no special abilities


You were on level 5 of the Dungeon.
You visited 2 branches of the dungeon, and saw 6 of its levels.

You collected 190 gold pieces.

Inventory:

Hand Weapons
 a - a +0 war axe (weapon)
Armour
 b - a +0 scale mail (worn)
 c - a +0 buckler (worn)
Jewellery
 e - a ring of resist corrosion (left hand)
 j - a ring of positive energy
Wands
 d - a wand of flame (3)
Scrolls
 f - a scroll of silence {unknown}
 g - a scroll of vulnerability
 q - a scroll of identify
 r - a scroll of acquirement {unknown}
Potions
 h - a potion of curing
 i - a potion of invisibility {unknown}
 l - 2 potions of berserk rage {unknown}
 n - a potion of degeneration {unknown}
 p - 2 potions of heal wounds {unknown}


   Skills:
 + Level 6.0 Fighting
 * Level 7.2 Axes
 + Level 6.1 Armour
 + Level 6.0 Shields


You had 6 spell levels left.
You didn't know any spells.
Your spell library contained the following spells:

 Spells                   Type           Power      Damage    Failure   Level
 Freeze                   Ice            0%         1d3       87%         1
 Magic Dart               Conj           0%         1d3       87%         1
 Call Imp                 Summ           0%         N/A       95%         2
 Mephitic Cloud           Conj/Pois/Air  0%         N/A       99%         3
 Iskenderun's Mystic Bla  Conj/Tloc      0%         2d3       100%        4
 Ozocubu's Refrigeration  Ice            0%         4d5       100%        7


Dungeon Overview and Level Annotations

Branches:
Dungeon (5/15)             Temple (1/1) D:4

Altars:
Cheibriados
Elyvilon
Fedhas
Gozag
Hepliaklqana
Makhleb
Nemelex Xobeh
Qazlal
Ru
Sif Muna
Trog
Wu Jian

Shops:
D:4 !

Annotations:
D:5 1 runed translucent door, Sin92's ghost, novice DsFi


Innate Abilities, Weirdness & Mutations

You have a pair of horns on your head.
You reflexively headbutt those who attack you in melee.


Message History

Key pressed, stopping explore.
No target in view!
Unknown command.
No target in view!
Unknown command.
Sigmund the Dreaded comes into view.
He is wielding a +0 scythe.
Sigmund gestures at you while chanting.
You are confused.
You are too confused!
Unknown command.
Sigmund is nearby!
You are too confused!
Sigmund is nearby!
Unknown command.
You are too confused!
Sigmund is nearby!
Unknown command.
You are too confused!
You bump into the rock wall.
You bump into the rock wall.
It was a potion of brilliance.
You feel clever all of a sudden.
You feel less confused.
As you read the scroll labelled WEOPPI DOCKEU, it crumbles to dust.
You speak a Word of immense power!
It was a scroll of holy word.
Sigmund hits you from afar with a +0 scythe!
As you read the scroll labelled JIYMOI ERYCUT, it crumbles to dust.
The creatures around you are filled with an inner flame!
It was a scroll of immolation.
Sigmund closely misses you.
You closely miss Sigmund. Sigmund hits you but does no damage.
You closely miss Sigmund.
Flame seeps out of Sigmund.
You headbutt Sigmund!
Sigmund is moderately wounded.
Sigmund is engulfed in blazing flames.
Flame seeps out of Sigmund.
Sigmund hits you but does no damage.
You hit Sigmund.
Sigmund explodes!
The fiery explosion engulfs you!!
Ouch! That really hurt!
You are engulfed in blazing flames.
You die...

#.#######.#.#######
#...........# W#.
#######...#####8!+.
#..>....#P.#.
######...#########
#...........# ###
#.#########.# #..
#.# #.# #.# #@# #.#
#.# #°# #.# #.# #§#
#####.# #.# #..
+.....## #.# #...
##.....###.# #..#.
+.....'...# #..#@#
#.....##### #..# #
#.....##### #..#
#.......##...


There were no monsters in sight!

Vanquished Creatures
  Sigmund (D:5)
  Eustachio (D:5)
  A black bear (D:4)
  A centaur (D:5)
  A scorpion (D:4)
  A centaur zombie (D:5)
  A hound (D:5)
  A jelly (D:5)
  A centaur skeleton (D:5)
  4 iguanas
  Ijyb (D:4)
  Natasha (thrice) (D:2)
  2 orc wizards
  A hound skeleton (D:5)
  5 gnolls
  4 adders
  2 worms
  A dart slug (D:2)
  9 orcs
  5 ball pythons
  2 bats
  10 endoplasms
  3 giant cockroaches
  16 goblins
  7 hobgoblins
  3 jackals (D:3)
  3 quokkas
  6 frilled lizards
  8 kobolds
  8 rats
112 creatures vanquished.

Vanquished Creatures (others)
  A plant (D:1)
  2 withered plants (D:5)
3 creatures vanquished.

Grand Total: 115 creatures vanquished

Notes
Turn   | Place    | Note
-------+----------+-------------------------------------------
     0 | D:1      | Sin92 the Minotaur Fighter began the quest for the Orb.
     0 | D:1      | Reached XP level 1. HP: 19/19 MP: 0/0
   172 | D:1      | Found a faded altar of an unknown god.
   305 | D:1      | Reached XP level 2. HP: 22/27 MP: 1/1
   522 | D:1      | Reached skill level 3 in Axes
   643 | D:1      | Reached XP level 3. HP: 33/33 MP: 2/2
  1578 | D:2      | Noticed Natasha
  1583 | D:2      | Killed Natasha
  1584 | D:2      | Reached skill level 4 in Axes
  1584 | D:2      | Reached XP level 4. HP: 40/40 MP: 3/3
  1803 | D:2      | Noticed Natasha
  1813 | D:2      | Killed Natasha
  1859 | D:2      | Noticed Natasha
  1867 | D:2      | Killed Natasha
  1868 | D:2      | Reached XP level 5. HP: 31/47 MP: 4/4
  2215 | D:3      | Got the Disquisition on the Glacial Traveller
  2534 | D:3      | Identified the +1 leather armour "Laj Mih" {rC+ Regen+
                  | Str-4}
  2764 | D:4      | Noticed Ijyb
  2773 | D:4      | Killed Ijyb
  2774 | D:4      | Reached skill level 5 in Axes
  2777 | D:4      | Found a staircase to the Ecumenical Temple.
  2798 | Temple   | Entered the Ecumenical Temple
  3083 | D:4      | Reached XP level 6. HP: 38/55 MP: 5/5
  3096 | D:4      | Reached skill level 5 in Armour
  3099 | D:4      | Reached skill level 5 in Shields
  3377 | D:4      | Found Fegihom's Distillery.
  3389 | D:4      | Reached skill level 5 in Fighting
  3484 | D:4      | Found a blossoming altar of Fedhas.
  3790 | D:5      | Entered Level 5 of the Dungeon
  3790 | D:5      | Noticed Eustachio
  3844 | D:5      | Killed Eustachio
  3845 | D:5      | Reached skill level 6 in Axes
  3845 | D:5      | Reached XP level 7. HP: 17/61 MP: 6/6
  3905 | D:5      | Found a sparkling altar of Nemelex Xobeh.
  4414 | D:5      | Reached skill level 7 in Axes
  4645 | D:5      | Found a runed translucent door.
  4646 | D:5      | Noticed Sin92's ghost (novice DsFi)
  4900 | D:5      | Noticed a yak
  5031 | D:5      | Noticed Sigmund
  5042 | D:5      | Killed Sigmund
  5042 | D:5      | Engulfed by a cloud of flame

Illustrated notes

Levels and vault maps discovered:
D:1:      saegor_arrival_simple_a, layout_loops_ring,
          shapermc_ecumenical_altar_acropolis
D:2:      layout_basic, chequers_serial_rivers_marsh, amethyst_killhole,
          nicolae_figureground_sparkle, uniq_natasha
D:3:      layout_basic, minmay_goblin_outpost
D:4:      layout_basic, overflow_temple_1_default, minmay_temple_entry_waves,
          serial_shops, shop, uniq_ijyb
D:5:      layout_basic, nemelex_spade_bored_becter, gammafunk_ghost_grave,
          lightli_corner_chamber, uniq_eustachio, uniq_sigmund,
          uniq_crazy_yiuf_cottage
Temple:   compressed_dpeg_circular_temple

Skill      XL: |  1  2  3  4  5  6  7 |
---------------+----------------------+-----
Axes           | 3 4 5 6 7 |  7.2
Fighting       | 4 5 6 |  6.0
Armour         | 4 5 6 |  6.1
Shields        | 4 5 6 |  6.0

Action                   |  1- 3 |  4- 6 |  7- 9 || total
-------------------------+-------+-------+-------++-------
Melee: War axe           |    79 |   160 |    49 ||   288
       Headbutt          |    12 |    23 |    14 ||    49
  Use: Scroll            |     2 |       |     2 ||     4
       Potion            |       |     2 |     1 ||     3
Armor: Scale mail        |    38 |   108 |    29 ||   175
Dodge: Dodged            |    36 |    73 |    16 ||   125
Block: Buckler           |    16 |    49 |    11 ||    76
